 Dungeon Crawl Stone Soup version 0.21-a0-444-g29a2fec (webtiles) character file.

65 theanonym the Cudgeler (level 4, -3/26 HPs)
             Began as a Gargoyle Gladiator on Nov 17, 2017.
             Slain by a bullfrog (6 damage)
             ... on level 3 of the Dungeon.
             The game lasted 00:02:42 (1968 turns).

theanonym the Cudgeler (Gargoyle Gladiator)         Turns: 1968, Time: 00:02:43

Health: -3/26      AC:  7    Str: 14 (17) XL:     4   Next: 13%
Magic:  4/4        EV: 12    Int:  7 (9)  God:
Gold:   59         SH:  0    Dex: 10 (12) Spells: 3/3 levels left

rFire    . . .     SeeInvis .   a - +0 flail
rCold    . . .     Gourm    .   (no shield)
rNeg     + + .     Faith    .   h - +0 leather armour
rPois    ∞         Spirit   .   c - +0 helmet
rElec    +         Reflect  .   (no cloak)
rCorr    .         Harm     .   (no gloves)
MR       .....                  (no boots)
Stlth    +.........             (no amulet)
HPRegen  0.08/turn              e - ring of positive energy {rN+}
MPRegen  0.09/turn              (no ring)

@: very slightly contaminated
A: negative energy resistance 1, electricity resistance, unbreathing,
petrification resistance, rot immunity, AC +3
a: no special abilities


Innate Abilities, Weirdness & Mutations

You are resistant to torment.
Your stone body is resilient. (AC +3)
You are immune to poison.
You resist negative energy. (rN+)
You are resistant to electric shocks. (rElec)
You can survive without breathing.
You are immune to petrification.
You are immune to rotting.


   Skills:
 - Level 2.1 Fighting
 + Level 4.9 Maces & Flails
 - Level 1.7 Throwing
 - Level 2.4 Dodging


You had 3 spell levels left.
You didn't know any spells.

Skill      XL: |  1  2 |
---------------+-------+-----
Maces & Flails | 4 |  4.9
Fighting       | |  2.1
Throwing       | |  1.7
Dodging        | |  2.4

Action                   |  1- 3 |  4- 6 || total
-------------------------+-------+-------++-------
Melee: Flail             |   104 |    26 ||   130
Throw: Throwing net      |       |     4 ||     4
  Use: Scroll            |       |     4 ||     4
       Potion            |       |     3 ||     3
  Eat: Chunk             |     2 |     1 ||     3
Armor: Leather armour    |    44 |    15 ||    59
Dodge: Dodged            |    78 |    31 ||   109

Inventory:

Hand Weapons
 a - a +0 flail (weapon)
Missiles
 k - 9 javelins (quivered)
 u - 4 tomahawks
Armour
 c - a +0 helmet (worn)
 h - a +0 leather armour (worn)
 m - a +0 pair of gloves
   (You found it on level 2 of the Dungeon)
Jewellery
 e - a ring of positive energy (left hand) {rN+}
   (You found it on level 1 of the Dungeon)
Scrolls
 b - a scroll of blinking
 g - a scroll of magic mapping {!r}
 i - 2 scrolls of noise
 l - a scroll of amnesia {unknown}
 o - a scroll of identify {unknown}
 r - a scroll of immolation {unknown}
 s - a scroll of enchant weapon {unknown}
 t - a scroll of teleportation {unknown}
Comestibles
 f - a bread ration
 p - a meat ration

Dungeon Overview and Level Annotations

Branches:
Dungeon (3/15)

Altars:
Yredelemnul


You were on level 3 of the Dungeon.
You were not hungry.

You visited 1 branch of the dungeon, and saw 3 of its levels.

You collected 59 gold pieces.


Message History

Found a glowing long sword.
You closely miss the kobold. The kobold hits you but does no damage.
You sock the frilled lizard!
You kill the frilled lizard!
The kobold hits you.
A rat comes into view.
You take 1 damage, and have 25/26 hp.
You sock the kobold!
You kill the kobold!
The bullfrog hits you.
You take 3 damage, and have 22/26 hp.
You hit the bullfrog.
The bullfrog hits you but does no damage.
You closely miss the bullfrog. The bullfrog closely misses you. x2
You hit the bullfrog. The bullfrog hits you. The bullfrog barely misses you.
You take 6 damage, and have 16/26 hp.
MASSIVE DAMAGE!!
You closely miss the bullfrog. The bullfrog completely misses you.
The bullfrog hits you.
* * * LOW HITPOINT WARNING * * *
You take 4 damage, and have 12/26 hp.
Aim: a bullfrog (moderately wounded)
You throw a throwing net.
The throwing net barely misses the bullfrog.
The bullfrog closely misses you. The rat bites you.
* * * LOW HITPOINT WARNING * * *
You take 1 damage, and have 11/26 hp.
Aim: a bullfrog (moderately wounded)
You throw a throwing net. The throwing net misses the bullfrog.
The bullfrog hits you but does no damage.
The rat barely misses you.
Aim: a bullfrog (moderately wounded)
You throw a throwing net. The throwing net hits the bullfrog.
The bullfrog is caught in the net!
The bullfrog struggles against the net. x2
The rat bites you but does no damage.
You hit the bullfrog.
The bullfrog struggles against the net.
The rat bites you but does no damage.
You hit the bullfrog but do no damage.
The bullfrog struggles against the net.
The rat bites you but does no damage.
The bullfrog struggles against the net.
The net rips apart, and the bullfrog comes free!
You closely miss the bullfrog. The bullfrog misses you.
The rat barely misses you. The bullfrog hits you.
* * * LOW HITPOINT WARNING * * *
You take 4 damage, and have 8/26 hp.
There is a stone staircase leading up here.
It was a potion of curing.
You feel better. The bullfrog hits you.
* * * LOW HITPOINT WARNING * * *
The rat misses you. The bullfrog hits you.
* * * LOW HITPOINT WARNING * * *
You take 1 damage, and have 7/26 hp.
It was a potion of degeneration.
There was something very wrong with that liquid.
You feel weakened.
You feel dopey.
You feel clumsy. The bullfrog hits you.
* * * LOW HITPOINT WARNING * * *
The rat bites you but does no damage.
You take 3 damage, and have 4/26 hp.
Put on which piece of jewellery? (? for menu, Esc to quit)
Okay, then.
As you read the scroll labeled ERCHAQ WIGINI, it crumbles to dust.
You feel blessed for a moment.
It was a scroll of remove curse.
The bullfrog hits you.
* * * LOW HITPOINT WARNING * * *
The rat closely misses you.
The bullfrog hits you but does no damage.
You take 1 damage, and have 3/26 hp.
As you read the scroll labeled YXOSIR ETTOLU, it crumbles to dust.
You hear a loud clanging noise!
It was a scroll of noise.
The bullfrog completely misses you. The rat barely misses you.
Blink to where?
You are very lightly contaminated with residual magic.
As you read the scroll labeled UQUCYSOLEA, it crumbles to dust.
It was a scroll of blinking.
b - a scroll of blinking;
h - a +0 leather armour (worn)
Found 11 bolts.
Aim: a bullfrog (moderately wounded)
You throw a throwing net.
The throwing net closely misses the bullfrog.
Okay, then.
You closely miss the bullfrog. The bullfrog completely misses you.
The bullfrog hits you.
* * * LOW HITPOINT WARNING * * *
You take 3 damage, and have 1/26 hp.
As you read the scroll labeled EKHUUBE SANWY, it crumbles to dust.
You feel aware of your surroundings.
It was a scroll of magic mapping.
The bullfrog closely misses you. The bullfrog barely misses you.
You miss the bullfrog. The bullfrog misses you.
You feel better. The bullfrog hits you.
* * * LOW HITPOINT WARNING * * *
The bullfrog hits you.
* * * LOW HITPOINT WARNING * * *
You regained 3 hp, and now have 4/26 hp.
You closely miss the bullfrog. The bullfrog barely misses you.
The bullfrog hits you.
* * * LOW HITPOINT WARNING * * *
You take 1 damage, and have 3/26 hp.
You hit the bullfrog. The bullfrog misses you.
The bullfrog hits you but does no damage.
You closely miss the bullfrog. The bullfrog hits you.
You die...

,****+**,* #.* *,**,********,
,**,,,,*,* #.### *,**,**,,,* *,
,**,,,,,.#####.#.# *,**,**,*,* *,
,**,,,,,....(..(.##*,**,,,,,,* *,
,**,*+#.#.,..#....#*,*****,,,***,
***,*.#.#.##.#.#.##*,*****,,,*,,,
,,,,,..........#r# *,,,,,,,,,*,**
***+*,#........#F###,,,,,,,,,,,,,
*,,,,.#...#..F.#@).#*,********,**
+,,,,.......†...........>,,,,,,,,
*,,,,,*,###..#.###..#(##,**,**,**
*,,,,,*,* #§...# *..#,#*,*,,,*,**
*,,,,,*,**####.#**..#,*,,,,,,*,**
+,,,,,*,,,,,,,...,,.#,*****,,*,**
*,,,,,,,******,.##*.#,*,,,,,,*,,,
,,,,,,,,',,,,,,..,,,,,*,**,,,****
,,,,,,,,*******,.#*,***,*,,,<,,,,


You could see a bullfrog and a rat.

Notes
Turn   | Place    | Note
-------+----------+-------------------------------------------
     0 | D:1      | theanonym the Gargoyle Gladiator began the quest for the Orb.
     0 | D:1      | Reached XP level 1. HP: 12/12 MP: 1/1
   197 | D:1      | Reached XP level 2. HP: 17/17 MP: 2/2
   843 | D:1      | Reached skill level 4 in Maces & Flails
  1094 | D:2      | Reached XP level 3. HP: 21/21 MP: 3/3
  1238 | D:2      | Found a faded altar of an unknown god.
  1431 | D:2      | HP: 8/21 [orc/hand axe (3)]
  1632 | D:2      | Found a basalt altar of Yredelemnul.
  1763 | D:2      | Reached XP level 4. HP: 20/26 MP: 4/4
  1937 | D:3      | Noticed a bullfrog
  1944 | D:3      | HP: 12/26 [bullfrog (4)]
  1950 | D:3      | HP: 8/26 [bullfrog (4)]
  1954 | D:3      | HP: 3/26 [bullfrog (1)]
  1962 | D:3      | HP: 1/26 [bullfrog (3)]
  1968 | D:3      | Slain by a bullfrog

Vanquished Creatures
  2 adders (D:2)
  A leopard gecko (D:1)
  4 orcs (D:2)
  9 bats
  2 giant cockroaches
  4 goblins
  3 hobgoblins
  4 jackals (D:1)
  A ball python (D:2)
  4 frilled lizards
  2 kobolds
  5 rats
41 creatures vanquished.
